 Dungeon Crawl Stone Soup version 0.30.0-10-gfe55d96785 (webtiles) character file.

Game seed: 11202803065284491704

309 GigaChad the Ducker (level 6, 0/51 HPs)
             Began as a Gnoll Gladiator on May 15, 2023.
             Was a High Priest of Ignis.
             Killed by nerve-wracking pain
             ... invoked by Grinder
              (8 damage)
             ... on level 3 of the Dungeon.
             The game lasted 00:04:00 (2200 turns).

GigaChad the Ducker (Gnoll Gladiator)               Turns: 2200, Time: 00:04:01

Health: 0/51       AC:  6    Str: 16    XL:     6   Next: 41%
Magic:  9/9        EV: 21    Int:  7    God:    Ignis [*****.]
Gold:   202        SH:  0    Dex: 19    Spells: 9/9 levels left

rFire   + . .        a - +2 long sword
rCold   . . .        (no shield)
rNeg    . . .        b - +0 leather armour
rPois   .            c - +0 helmet
rElec   .            q - +1 cloak
rCorr   .            (no gloves)
SInv    .            (no boots)
Will    .....        (no amulet)
Stlth   ++           f - +6 ring of dexterity
HPRegen 0.28/turn    m - +5 ring of evasion
MPRegen 0.11/turn

%: no passive effects
@: no status effects
A: fangs 1, strong nose, distributed training
a: Renounce Religion, Fiery Armour, Foxfire Swarm, Rising Flame


You were on level 3 of the Dungeon.
You worshipped Ignis.
Ignis was extremely pleased with you.
You visited 1 branch of the dungeon, and saw 4 of its levels.

You collected 202 gold pieces.

Inventory:

Hand Weapons
 a - a +2 long sword (weapon)
 p - a +4 quarterstaff of chaos
Missiles
 d - a throwing net (quivered)
 e - a javelin
Armour
 b - a +0 leather armour (worn)
 c - a +0 helmet (worn)
 i - a +0 cloak
 q - a +1 cloak (worn)
Jewellery
 f - a +6 ring of dexterity (left hand)
 m - a +5 ring of evasion (right hand)
Scrolls
 g - a scroll of magic mapping {unknown}
 h - 2 scrolls of fog {unknown}
 o - a scroll of brand weapon {unknown}
 s - 2 scrolls of identify {unknown}
 u - 2 scrolls of fear {unknown}
 v - a scroll of teleportation {unknown}
 w - a scroll of blinking {unknown}
Potions
 j - a potion of flight {unknown}
 k - 4 potions of curing {unknown}
 l - a potion of brilliance {unknown}
 n - a potion of mutation {unknown}
 r - a potion of lignification {unknown}
 t - a potion of might {unknown}


   Skills:
 + Level 5.0 Fighting
 + Level 2.0 Short Blades
 + Level 6.8 Long Blades
 + Level 2.0 Axes
 + Level 2.0 Maces & Flails
 + Level 2.0 Polearms
 + Level 2.0 Staves
 + Level 2.0 Ranged Weapons
 + Level 5.0 Throwing
 + Level 2.0 Armour
 + Level 6.8 Dodging
 + Level 2.0 Stealth
 + Level 2.0 Shields
 + Level 2.0 Unarmed Combat
 + Level 2.0 Spellcasting
 + Level 1.6 Conjurations
 + Level 1.6 Hexes
 + Level 1.6 Summonings
 + Level 1.6 Necromancy
 + Level 1.6 Translocations
 + Level 1.6 Transmutations
 + Level 1.6 Fire Magic
 + Level 1.6 Ice Magic
 + Level 1.6 Air Magic
 + Level 1.6 Earth Magic
 + Level 1.6 Poison Magic
 + Level 2.2 Invocations
 + Level 2.0 Evocations


You had 9 spell levels left.
You didn't know any spells.
Your spell library was empty.

Dungeon Overview and Level Annotations

Branches:
Dungeon (4/15)
 Temple: D:4-7

Altars:
Gozag
Trog
Uskayaw
Zin
Ignis

Annotations:
D:3 Grinder


Innate Abilities, Weirdness & Mutations

You have very sharp teeth.
Your uncanny sense of smell can sniff out nearby items.
Your experience applies equally to all skills.


Message History

Grinder completely misses you.
Grinder is nearby!
You hit Grinder but do no damage.
Grinder is severely wounded.
Grinder hits you!
You writhe in agony.
You are too injured to fight recklessly!
You are too injured to fight recklessly!
Grinder is nearby!
You are too injured to fight recklessly!
You are too injured to fight recklessly!
Unknown command.
You slash Grinder!
Grinder is almost dead.
Grinder drinks a potion.
Grinder is healed!
Unknown command.
You slash Grinder!
Grinder is severely wounded.
Grinder completely misses you. Grinder misses you.
Unknown command.
You closely miss Grinder.
Grinder is severely wounded.
Grinder hits you.
* * * LOW HITPOINT WARNING * * *
Unknown command.
You hit Grinder. You bite Grinder.
Grinder is severely wounded.
Grinder gestures at you.
You suddenly lose the ability to move!
Grinder hits you but does no damage.
You can move again.
You barely miss Grinder. Your bite misses Grinder.
Grinder is severely wounded.
Grinder hits you!
* * * LOW HITPOINT WARNING * * *
Unknown command.
You hit Grinder. You bite Grinder, but do no damage.
Grinder is almost dead.
Grinder gestures at you. Pain shoots through your body!
You die...

###.#.'.._..#........#
......#.....#.######.#
###.#.#.....#.# #.#
###>#.#######.# #.#
..............# #[#
###.#.###.##..# #.#
###.#.# #....## #.#
......######.#######.#
.##....# #....@5.#.#
.#####.###########.#.#
..........>.# #.#.#
.#####.####.# #.#.#
.#####.# #.# #.#.#
.......# #.# #.#.#
.....### #.# #.#.# .#
#.## #.# #.#.#
.###..#####.# ###.#.#


You could see Grinder.

Vanquished Creatures
  A bullfrog (D:3)
  A hound (D:3)
  Crazy Yiuf (D:2)
  Jessica (D:3)
  Terence (D:2)
  4 adders
  3 gnolls (D:2)
  A worm (D:2)
  3 dart slugs
  8 endoplasms
  8 goblins
  3 hobgoblins
  9 jackals
  A quokka (D:1)
  3 ball pythons
  4 bats
  2 frilled lizards
  5 kobolds
  4 rats
63 creatures vanquished.

Vanquished Creatures (others)
  13 foxfires (D:2)
13 creatures vanquished.

Grand Total: 76 creatures vanquished

Notes
Turn   | Place    | Note
-------+----------+-------------------------------------------
     0 | D:1      | GigaChad the Gnoll Gladiator began the quest for the Orb.
     0 | D:1      | Reached XP level 1. HP: 20/20 MP: 1/1
    49 | D:1      | Reached XP level 2. HP: 26/26 MP: 2/2
   289 | D:1      | Reached XP level 3. HP: 28/31 MP: 3/3
   610 | D:1      | Reached skill level 1 in Invocations
   787 | D:2      | Reached skill level 1 in Short Blades
   787 | D:2      | Reached skill level 1 in Axes
   787 | D:2      | Reached skill level 1 in Maces & Flails
   787 | D:2      | Reached skill level 1 in Polearms
   787 | D:2      | Reached skill level 1 in Staves
   787 | D:2      | Reached skill level 1 in Ranged Weapons
   787 | D:2      | Reached skill level 1 in Armour
   787 | D:2      | Reached skill level 1 in Stealth
   787 | D:2      | Reached skill level 1 in Shields
   787 | D:2      | Reached skill level 1 in Unarmed Combat
   787 | D:2      | Reached skill level 1 in Spellcasting
   787 | D:2      | Reached skill level 1 in Evocations
   829 | D:2      | Noticed Terence
   840 | D:2      | Reached XP level 4. HP: 38/38 MP: 5/5
   851 | D:2      | Killed Terence
   852 | D:2      | Reached skill level 1 in Conjurations
   852 | D:2      | Reached skill level 1 in Hexes
   852 | D:2      | Reached skill level 1 in Summonings
   852 | D:2      | Reached skill level 1 in Necromancy
   852 | D:2      | Reached skill level 1 in Translocations
   852 | D:2      | Reached skill level 1 in Transmutations
   852 | D:2      | Reached skill level 1 in Fire Magic
   852 | D:2      | Reached skill level 1 in Ice Magic
   852 | D:2      | Reached skill level 1 in Air Magic
   852 | D:2      | Reached skill level 1 in Earth Magic
   852 | D:2      | Reached skill level 1 in Poison Magic
  1019 | D:2      | Found a faded altar of an unknown god.
  1073 | D:2      | Prayed at the altar of an unknown god.
  1073 | D:2      | Became a worshipper of Ignis, the Dying Flame
  1176 | D:2      | Reached XP level 5. HP: 7/43 MP: 5/7
  1367 | D:2      | Found a runed translucent door.
  1368 | D:2      | Noticed Crazy Yiuf
  1421 | D:2      | Killed Crazy Yiuf
  1493 | D:3      | Found a bloodstained altar of Trog.
  1510 | D:3      | Found a glowing silver altar of Zin.
  1616 | D:3      | Found an opulent altar of Gozag.
  1784 | D:3      | Reached skill level 5 in Fighting
  1784 | D:3      | Reached skill level 5 in Throwing
  1784 | D:3      | Reached XP level 6. HP: 45/51 MP: 7/9
  1812 | D:3      | Noticed Jessica
  1819 | D:3      | Killed Jessica
  1911 | D:3      | You fall into a shaft and drop 1 floor!
  2100 | D:3      | Found a hide-covered altar of Uskayaw.
  2181 | D:3      | Noticed Grinder
  2197 | D:3      | Paralysed by Grinder for 2 turns
  2200 | D:3      | Killed from afar by Grinder

Illustrated notes

Levels and vault maps discovered:
D:1:      ncdulo_lavacross, layout_basic, hangedman_decor_push, nrook_campfire,
          nicolae_figureground_sparkle
D:2:      layout_rooms, basic_ecumenical_altar, minmay_misc_feat_encased,
          uniq_terence, uniq_crazy_yiuf_cottage
D:3:      layout_loops_ring, amcnicky_altar_gilded, zin_academy, bloody_trog,
          mainiacjoe_overflow_small_starburst, uniq_grinder, uniq_jessica
D:4:      layout_basic, enter_ossuary_5

Skill      XL: |  1  2  3  4  5 |
---------------+----------------+-----
Invocations    | 1 2 |  2.2
Short Blades   | 1 2 |  2.0
Axes           | 1 2 |  2.0
Maces & Flails | 1 2 |  2.0
Polearms       | 1 2 |  2.0
Staves         | 1 2 |  2.0
Ranged Weapons | 1 2 |  2.0
Armour         | 1 2 |  2.0
Stealth        | 1 2 |  2.0
Shields        | 1 2 |  2.0
Unarmed Combat | 1 2 |  2.0
Spellcasting   | 1 2 |  2.0
Evocations     | 1 2 |  2.0
Conjurations   | 1 |  1.6
Hexes          | 1 |  1.6
Summonings     | 1 |  1.6
Necromancy     | 1 |  1.6
Translocations | 1 |  1.6
Transmutations | 1 |  1.6
Fire Magic     | 1 |  1.6
Ice Magic      | 1 |  1.6
Air Magic      | 1 |  1.6
Earth Magic    | 1 |  1.6
Poison Magic   | 1 |  1.6
Fighting       | 5 |  5.0
Throwing       | 5 |  5.0
Long Blades    | |  6.8
Dodging        | |  6.8

Action                     |  1- 3 |  4- 6 || total
---------------------------+-------+-------++-------
  Melee: Long sword        |    77 |    95 ||   172
         Bite              |     4 |    10 ||    14
  Throw: Throwing net      |     5 |       ||     5
         Javelin           |     2 |       ||     2
 Invoke: Foxfire Swarm     |       |     1 ||     1
    Use: Scroll            |     2 |       ||     2
   Stab: Sleeping          |     2 |     1 ||     3
         Distracted        |       |     1 ||     1
 Armour: Leather armour    |    17 |    26 ||    43
  Dodge: Dodged            |    61 |   125 ||   186
